 Dungeon Crawl Stone Soup version 0.28-b1-25-g9875b3fc8c (webtiles) character file.

Game seed: 8675806351335899825

295 crazypyro the Chopper (level 6, -8/51 HPs)
             Began as a Minotaur Fighter on Jan 31, 2022.
             Mangled by Edmund (12 damage)
             ... on level 4 of the Dungeon.
             The game lasted 00:03:37 (3340 turns).

crazypyro the Chopper (Minotaur Fighter)            Turns: 3340, Time: 00:03:38

Health: -8/51      AC:  8    Str: 22    XL:     6   Next: 11%
Magic:  5/5        EV:  9    Int:  5    God:
Gold:   158        SH:  4    Dex: 10    Spells: 5/5 levels left

rFire   . . .      SeeInvis .   a - +0 war axe
rCold   . . .      Faith    .   c - +0 buckler
rNeg    . . .      Spirit   .   b - +0 scale mail
rPois   .          Reflect  .   (helmet restricted)
rElec   .          Harm     .   o - +0 cloak
rCorr   .          Rampage  .   (no gloves)
Will    .....                   (no boots)
Stlth   ..........              (no amulet)
HPRegen 0.17/turn               (no ring)
MPRegen 0.09/turn               (no ring)

@: mighty
A: horns 2, retaliatory headbutt
a: no special abilities


You were on level 4 of the Dungeon.
You visited 1 branch of the dungeon, and saw 4 of its levels.

You collected 158 gold pieces.

Inventory:

Hand Weapons
 a - a +0 war axe (weapon)
Armour
 b - a +0 scale mail (worn)
 c - a +0 buckler (worn)
 o - a +0 cloak (worn)
Wands
 p - a wand of flame (12)
Scrolls
 e - a scroll of immolation {unknown}
 f - a scroll of noise {unknown}
 g - a scroll of torment {unknown}
 i - a scroll of amnesia {unknown}
 k - 2 scrolls of teleportation {unknown}
 l - 2 scrolls of magic mapping {unknown}
 n - 2 scrolls of identify {unknown}
 q - a scroll of brand weapon {unknown}
 r - a scroll of holy word {unknown}
Potions
 h - 4 potions of degeneration {unknown}
 j - a potion of haste {unknown}
 m - a potion of lignification {unknown}


   Skills:
 - Level 3.6 Fighting
 + Level 7.8 Axes
 - Level 3.6 Armour
 - Level 3.6 Shields


You had 5 spell levels left.
You didn't know any spells.
Your spell library contained the following spells:

 Spells                   Type           Power      Damage    Failure   Level
 Magic Dart               Conj           0%         1d3       88%         1
 Summon Small Mammal      Summ           0%         N/A       88%         1
 Call Imp                 Summ           0%         N/A       95%         2
 Call Canine Familiar     Summ           0%         N/A       99%         3
 Mephitic Cloud           Conj/Pois/Air  0%         N/A       99%         3
 Summon Guardian Golem    Hex/Summ       0%         N/A       99%         3


Dungeon Overview and Level Annotations

Branches:
Dungeon (4/15)
 Temple: D:4-7

Altars:

Shops:
D:3 :

Annotations:
D:4 Edmund


Innate Abilities, Weirdness & Mutations

You have a pair of horns on your head.
You reflexively headbutt those who attack you in melee.


Message History

Things that are here:
a +0 morningstar; a +0 leather armour; an orc corpse You hear a zap.
You hear a grinding noise.
You pick up a book of Minor Magic and begin reading...
You add the spells Magic Dart, Call Imp and Mephitic Cloud to your library.
Found a stone staircase leading up.
Edmund the Younger comes into view.
He is wielding a +2 flail of protection and carrying a wand of digging (1).
Edmund is nearby!
Found a club.
An ogre comes into view. It is wielding a +0 giant spiked club.
Found a scroll labelled LIOTIDDE BEHUB.
The ogre shouts!
Edmund hits you with a +2 flail of protection!
You barely miss Edmund. You headbutt Edmund, but do no damage.
Edmund says, "I'm quite good with sums, too."
Edmund closely misses you. You furiously retaliate!
You headbutt Edmund, but do no damage. You hit Edmund but do no damage.
You headbutt Edmund!
Edmund is lightly wounded.
Edmund closely misses you.
You hit Edmund but do no damage. Your headbutt misses Edmund.
Edmund is lightly wounded.
You hit the ogre. You block Edmund's attack.
The ogre hits you with a +0 giant spiked club!!
You are too injured to fight recklessly!
You are too injured to fight recklessly!
You feel very mighty all of a sudden.
Edmund hits you with a +2 flail of protection.
You hit Edmund. You headbutt Edmund!!
Edmund is severely wounded.
Edmund hits you with a +2 flail of protection!
* * * LOW HITPOINT WARNING * * *
You closely miss Edmund. Your headbutt misses Edmund.
Edmund is severely wounded.
Edmund hits you with a +2 flail of protection.
* * * LOW HITPOINT WARNING * * *
You slash Edmund!
Edmund is almost dead.
Edmund hits you with a +2 flail of protection!
You die...

.#
............### .
. ..#....#.##
..#. ##...####
#..... #...## ..
...# ##..# ...
..####..# ....
#.#....#
.....##..#...#
#...@#....##
.<....#@##.....#
.....##O.........
.#..
#............
###?.$..........#
#..............
.........#....
#..........##..
##.........) ..


You could see Edmund and an ogre.

Vanquished Creatures
  An orc priest (D:4)
  Crazy Yiuf (D:2)
  2 orc wizards
  Natasha (thrice) (D:2)
  4 adders (D:3)
  A dart slug (D:2)
  5 orcs
  5 ball pythons
  8 endoplasms
  2 giant cockroaches (D:1)
  14 goblins
  3 hobgoblins
  2 jackals (D:2)
  2 quokkas
  7 bats
  3 frilled lizards
  5 kobolds
  7 rats
75 creatures vanquished.

Vanquished Creatures (others)
  5 fungi (D:2)
5 creatures vanquished.

Grand Total: 80 creatures vanquished

Notes
Turn   | Place    | Note
-------+----------+-------------------------------------------
     0 | D:1      | crazypyro the Minotaur Fighter began the quest for the Orb.
     0 | D:1      | Reached XP level 1. HP: 19/19 MP: 0/0
   152 | D:1      | Reached skill level 3 in Axes
   231 | D:1      | Reached XP level 2. HP: 26/26 MP: 1/1
   380 | D:1      | Reached skill level 4 in Axes
   594 | D:1      | Reached XP level 3. HP: 31/31 MP: 2/2
  1463 | D:2      | Noticed Natasha
  1471 | D:2      | Killed Natasha
  1472 | D:2      | Reached skill level 5 in Axes
  1472 | D:2      | Reached XP level 4. HP: 23/39 MP: 3/3
  1950 | D:2      | Noticed Natasha
  1967 | D:2      | Killed Natasha
  2058 | D:2      | Found a runed translucent door.
  2059 | D:2      | Noticed Crazy Yiuf
  2064 | D:2      | Killed Crazy Yiuf
  2065 | D:2      | Reached skill level 6 in Axes
  2250 | D:2      | Noticed Natasha
  2259 | D:2      | Killed Natasha
  2260 | D:2      | Reached XP level 5. HP: 40/45 MP: 4/4
  2582 | D:3      | Reached skill level 7 in Axes
  2622 | D:3      | Found Wekit's Book Shoppe.
  3257 | D:4      | Reached XP level 6. HP: 51/51 MP: 5/5
  3327 | D:4      | Noticed Edmund
  3340 | D:4      | Mangled by Edmund

Illustrated notes

Levels and vault maps discovered:
D:1:      eino_arrival_water_star, layout_loops_ring, corexii_corridor_pit
D:2:      layout_basic, amethyst_killhole, minmay_hedge_maze,
          uniq_crazy_yiuf_cottage, uniq_natasha
D:3:      layout_loops_cross, serial_shops, nicolae_shop_behind_doors
D:4:      layout_cave_pools, nicolae_inconvenience_store, uniq_edmund

Skill      XL: |  1  2  3  4  5 |
---------------+----------------+-----
Axes           | 3 4 5 6 7 |  7.8
Fighting       | |  3.6
Armour         | |  3.6
Shields        | |  3.6

Action                   |  1- 3 |  4- 6 || total
-------------------------+-------+-------++-------
Melee: War axe           |    75 |   107 ||   182
       Headbutt          |     7 |    15 ||    22
  Use: Potion            |       |     1 ||     1
Armor: Scale mail        |    27 |    55 ||    82
Dodge: Dodged            |    21 |    41 ||    62
Block: Buckler           |    15 |    19 ||    34
